 Dungeon Crawl Stone Soup version 0.18.1-5-g4a78601 (webtiles) character file.

92 Etesian the Sneak (level 4, 0/22 HPs)
             Began as a Spriggan Assassin on May 10, 2016.
             Killed by divine providence
             ... invoked by an orc priest
              (14 damage)
             ... on level 3 of the Dungeon.
             The game lasted 00:06:28 (2816 turns).

Etesian the Sneak (Spriggan Assassin)               Turns: 2816, Time: 00:06:28

Health: 0/22       AC:  3    Str:  7    XL:     4   Next: 35%
Magic:  5/5        EV: 19    Int: 12    God:
Gold:   207        SH:  0    Dex: 18    Spells: 0 memorised, 3 levels left

rFire  . . .     SeeInvis +     a - +2 dagger
rCold  . . .     Gourm    .     c - +0 robe
rNeg   . . .     Faith    .     (shield restricted)
rPois  .         Spirit   .     (helmet restricted)
rElec  .         Dismiss  .     d - +0 cloak
rCorr  +         Reflect  .     (gloves unavailable)
SustAt .         Harm     .     (boots unavailable)
MR     .....                    (no amulet)
Stlth  ++++......               w - ring of resist corrosion
                                (no ring)

@: very quick, not resistant to hostile enchantments, stealthy
A: unfitting armour, see invisible, herbivore 3, speed 3, slow metabolism 2
a: no special abilities


You were on level 3 of the Dungeon.
You were not hungry.

You visited 1 branch of the dungeon, and saw 3 of its levels.

You collected 207 gold pieces.

Inventory:

Hand Weapons
 a - a +2 dagger (weapon)
 b - a +0 blowgun
Missiles
 e - 8 poisoned needles
 f - 2 curare-tipped needles
Armour
 c - a +0 robe (worn)
 d - a +0 cloak (worn)
Jewellery
 w - a ring of resist corrosion (right hand)
Scrolls
 h - a scroll of noise {unknown}
 j - a scroll of teleportation {unknown}
 m - 2 scrolls of remove curse
 p - a scroll of recharging {unknown}
 q - a scroll of enchant armour {unknown}
 s - 2 scrolls of fog {unknown}
 t - a scroll of magic mapping {unknown}
 u - a scroll of fear {unknown}
 v - a scroll of amnesia {unknown}
Potions
 i - a potion of resistance
 k - a potion of agility {unknown}
 l - 2 potions of lignification
 n - a potion of curing
 o - a potion of magic
Comestibles
 g - 2 bread rations


   Skills:
 - Level 1.5 Fighting
 * Level 3.5 Short Blades
 - Level 2.0 Throwing
 + Level 3.6 Dodging
 * Level 6.9 Stealth


You had 3 spell levels left.
You didn't know any spells.

Dungeon Overview and Level Annotations

Branches:
Dungeon (3/15)

Altars:
Elyvilon


Innate Abilities, Weirdness & Mutations

You are tiny and cannot use many weapons and most armour.
You have supernaturally acute eyesight.
You are a herbivore.
You cover ground extremely quickly.
You need consume almost no food.


Message History

You see here a tomahawk.
You take 1 damage, and have 21/22 hp.
The dart slug launches a dart at you. The slug dart hits you!
The orc barely misses you.
Found 2 fruits.
You take 2 damage, and have 19/22 hp.
You hit the orc.
The orc is moderately wounded.
The orc completely misses you.
You hit the orc.
The orc is severely wounded.
The orc completely misses you.
You see here a tomahawk.
There is an open door here.
The dart slug launches a dart at you. The slug dart hits you!
You take 5 damage, and have 14/22 hp.
MASSIVE DAMAGE!!
The orc priest invokes the aid of Beogh against you.
Beogh smites you!
Ouch! That really hurt!
You die...

#.#.# #...# #.. #
#.# #...# ##. #.#
#...# #. #.####
#...# ## #....#
##### # #....#
######### # #....#
#........ #
###'#######........
#..@...o'...w....
#########oo......
#........ #o.......
#...(..#####
#...%.o....##..†#
#......#####>.8..
#......# ##...#
#......# #####


You could see an orc priest and 2 orcs.

Vanquished Creatures
  Robin (D:2)
  An adder (D:3)
  An ooze (D:1)
  2 worms
  A dart slug (D:3)
  4 giant geckos
  8 bats
  2 giant cockroaches (D:1)
  5 hobgoblins (D:1)
  A quokka (D:2)
  4 giant newts
  13 goblins
  4 kobolds
  7 rats
54 creatures vanquished.

Vanquished Creatures (others)
  A giant cockroach (D:2)
1 creature vanquished.

Grand Total: 55 creatures vanquished

Notes
Turn   | Place    | Note
--------------------------------------------------------------
     0 | D:1      | Etesian the Spriggan Assassin began the quest for the Orb.
     0 | D:1      | Reached XP level 1. HP: 10/10 MP: 2/2
   181 | D:1      | Reached skill level 6 in Stealth
   181 | D:1      | Reached XP level 2. HP: 14/14 MP: 3/3
   690 | D:2      | Noticed Robin
   741 | D:1      | Reached XP level 3. HP: 6/18 MP: 4/4
  1613 | D:2      | Killed Robin
  1853 | D:2      | Found a white marble altar of Elyvilon.
  2118 | D:3      | Reached XP level 4. HP: 22/22 MP: 5/5
  2816 | D:3      | Killed from afar by an orc priest

Skill      XL: |  1  2  3 |
---------------+----------+-----
Dodging        | 2 3 |  3.6
Stealth        | 6 |  6.9
Short Blades   | 3 |  3.5
Fighting       | |  1.5
Throwing       | |  2.0

Action                   |  1- 3 |  4- 6 || total
-------------------------+-------+-------++-------
Melee: Dagger            |   143 |    48 ||   191
  Use: Scroll            |       |     5 ||     5
 Stab: Sleeping          |    11 |     5 ||    16
       Distracted        |     1 |       ||     1
Armor: Robe              |    12 |     5 ||    17
Dodge: Dodged            |   100 |    41 ||   141
